AoeStats
← CaptainThomas

Golden Pit

503194888Analyzed
1v1 RM · 1mo ago on Aug 30, 2026· 56m 28s· 2 players
Game mode
Random Map
Map size
Tiny (2 player)
Population
200
Speed
Normal
Resources
Standard
Victory
Conquest
Starting age
Dark Age
Ending age
Imperial Age
RankedLock teamsTeams togetherTeam positionsShared explorationLock speedFull tech treeHidden civsTurbo modeCheats
Victory
Defeat
🇺🇸 Sicilians · United States
1541
+22
🇫🇷 Franks · France
1666
-22
CaptainThomas
9:04 Loom
11:09 Feudal Age
18:28 Double-Bit Axe
21:41 Wheelbarrow
24:13 Castle Age
23:28 Scale Barding Armor
25:07 Forging
24:38 Light Cavalry
26:51 Wheelbarrow
33:11 Scale Mail Armor
34:33 Chain Mail Armor
35:19 Iron Casting
35:39 Chain Mail Armor
40:40 Chain Barding Armor
43:41 Hand Cart
51:38 Stone Mining
55:16 Imperial Age
Ux'La Diabla
6:19 Loom
8:43 Feudal Age
16:49 Fletching
24:18 Castle Age
23:20 Horse Collar
26:37 Scale Barding Armor
30:29 Bodkin Arrow
33:05 Wheelbarrow
32:28 Double-Bit Axe
35:43 Ballistics
37:56 Murder Holes
38:04 Town Watch
38:22 Heavy Plow
38:33 Bow Saw
39:42 Forging
44:21 Bloodlines
44:16 Gold Mining
47:44 Masonry
51:24 Imperial Age
49:13 Stone Mining
50:16 Chain Barding Armor
50:30 Husbandry
52:11 Iron Casting
51:26 Cavalier
53:12 Plate Barding Armor
54:16 Conscription
55:06 Blast Furnace
56:55 Devotion
Connection lost

Rejoining the realm…

Still unreachable

The connection could not be restored.

Session expired

The server has moved on; the page needs a fresh start.